 Dungeon Crawl Stone Soup version 0.23-a0-208-gb6b040f (webtiles) character file.

2536 PurpleRed the Grappler (level 9, -3/62 HPs)
             Began as an Octopode Wanderer on Sept 25, 2018.
             Was a Believer of Okawaru.
             Slain by an orc priest (4 damage)
             ... summoned by an orange crystal statue
             ... on level 8 of the Dungeon.
             The game lasted 00:31:02 (9776 turns).

PurpleRed the Grappler (Octopode Wanderer)          Turns: 9776, Time: 00:31:02

Health: -3/62      AC:  1    Str: 22    XL:     9   Next: 55%
Magic:  1/11       EV: 19    Int: 11    God:    Okawaru [**....]
Gold:   440        SH:  0    Dex: 10    Spells: 8/8 levels left

rFire    . . .     SeeInvis .     - Unarmed
rCold    . . .     Gourm    .   (no shield)
rNeg     + . .     Faith    .   (helmet restricted)
rPois    .         Spirit   .   (no amulet)
rElec    .         Reflect  .   h - ring of flight
rCorr    .         Harm     .   g - ring of positive energy
MR       .....                  v - +3 ring of strength
Stlth    +++.......             O - +6 ring of evasion
HPRegen  0.20/turn              (no ring)
MPRegen  0.12/turn              (no ring)
                                (no ring)
                                (no ring)

@: about to teleport
A: almost no armour, stealthy swim, amphibious, 8 rings, constrict 8, camouflage
1, gelatinous body 1
a: Heroism, Renounce Religion, Evoke Flight


You were on level 8 of the Dungeon.
You worshipped Okawaru.
Okawaru was pleased with you.
You were not hungry.

You visited 2 branches of the dungeon, and saw 9 of its levels.

You collected 522 gold pieces.
You spent 82 gold pieces at shops.

Inventory:

Hand Weapons
 a - a +2 dagger
 k - a +0 fustibalus
 s - a +0 spear of piercing
 t - a +0 blowgun
 I - a +6 dire flail of protection
 P - a +0 shortbow
Missiles
 j - 53 sling bullets
 n - 113 arrows
 q - 2 throwing nets (quivered)
 u - 2 poisoned needles
 A - 18 bolts
Jewellery
 g - a ring of positive energy (right tentacle)
 h - a ring of flight (left tentacle)
 v - a +3 ring of strength (on tentacle)
 O - a +6 ring of evasion (on tentacle)
Wands
 d - a wand of polymorph (11)
 p - a wand of clouds (12)
 C - a wand of disintegration (27)
 H - a wand of paralysis (11)
 J - a wand of random effects (29)
 N - a wand of acid (10)
 R - a wand of iceblast (10)
 S - a wand of flame (18)
Scrolls
 b - a scroll of blinking
 e - 5 scrolls of teleportation
 i - a scroll of magic mapping {unknown}
 w - a scroll of enchant armour {unknown}
 y - 2 scrolls of fog
 B - a scroll of remove curse
 F - 2 scrolls of vulnerability {unknown}
 G - a scroll of amnesia
 K - a scroll of fear
Potions
 c - 3 potions of lignification
 l - 5 potions of might
 m - 2 potions of brilliance
 o - a potion of cancellation
 r - a potion of haste
 x - 3 potions of mutation
 z - a potion of magic
 D - 2 potions of agility
 E - 2 potions of flight
 L - a potion of berserk rage
 M - a potion of ambrosia {unknown}
 Q - 3 potions of heal wounds {unknown}
Comestibles
 f - 19 rations
 T - a chunk of flesh


   Skills:
 + Level 6.2 Fighting
 - Level 3.0 Polearms
 - Level 2.0 Dodging
 - Level 2.6 Stealth
 - Level 10.6 Unarmed Combat
 + Level 3.3 Invocations


You had 8 spell levels left.
You didn't know any spells.
Your spell library was empty.

Dungeon Overview and Level Annotations

Branches:
Dungeon (8/15)             Temple (1/1) D:4
   Lair: D:8-11

Altars:
Ashenzari
Cheibriados
Dithmenos
Elyvilon
Fedhas
Gozag
Hepliaklqana
Kikubaaqudgha
Makhleb
Nemelex Xobeh
Okawaru
Qazlal
Ru
Sif Muna
Trog
Uskayaw
Vehumet
Wu Jian
Xom
Yredelemnul
Zin
The Shining One

Shops:
D:5 *

Annotations:
D:8 1 runed door, exclusion: 4 orange crystal statues


Innate Abilities, Weirdness & Mutations

You cannot wear most types of armour.
You are very stealthy in the water. (Stealth+)
You are amphibious.
You can wear up to eight rings at the same time.
You can use your tentacles to constrict eight enemies at once.
Your skin changes colour to match your surroundings (Stealth+).
Your rubbery body absorbs attacks. (AC +1, EV +1)


Message History

The bullfrog misses you.
The shadow imp hits you. x2; The adder bites you.
The bullfrog closely misses you.
The hound skeleton completely misses you.
You're too confused!
Your magical effects are unravelling.
You feel magically purged.
You feel less confused. The shadow imp gestures at you.
Pain shoots through your body! The adder bites you. The shadow imp hits you.
The bullfrog completely misses you. The orc priest barely misses you.
The orc priest invokes the aid of Beogh against you.
Beogh smites you! The hound skeleton closely misses you. The wyvern misses you.
Okay, then.
As you read the scroll of teleportation, it crumbles to dust.
You feel strangely unstable. The bullfrog hits you!
The adder completely misses you. The shadow imp closely misses you.
The wyvern bites you!!
* * * LOW HITPOINT WARNING * * *
The shadow imp closely misses you. The orc priest hits you.
You die...

........................#
................#######.#
......#........## ####.#
..............######....#
...#######.....§§§§§....#
...# #...####§####..#
...# ##..#8§a§§§8#..#
...# #..#.#FZ§#.#..# ####
#..#.5@5o..#..#
#..#.loSo..#..#
##.#...o...#..#
#.#.#...#.#..#
#.#8.....8#.##
#.####+####.#
#...........#
#############


You could see an orange crystal statue, an orc warrior, a wyvern, a bullfrog, a
worker ant, 2 orc priests, an adder, 2 shadow imps, an orc and a hound skeleton.

Vanquished Creatures
  Eustachio (D:4)
  A hungry ghost (D:8)
  A steam dragon (D:8)
  Edmund (D:5)
  An ice beast (D:6)
  A sky beast (D:8)
  A centaur (D:8)
  An ogre (D:3)
  2 big kobolds (D:8)
  A scorpion (D:8)
  A howler monkey (D:7)
  A bullfrog zombie (D:8)
  2 crimson imps (D:8)
  A jelly (D:8)
  2 hounds (D:4)
  6 gnoll shamans (D:3)
  5 orc priests
  2 centaur skeletons
  Jessica (D:2)
  An iguana (D:4)
  5 orc wizards
  2 worker ants
  37 gnolls
  10 adders
  2 shadow imps
  2 oozes (D:1)
  2 adder skeletons
  3 worms
  2 dart slugs
  3 leopard geckos
  22 orcs
  8 bats
  8 giant cockroaches
  8 goblins
  8 hobgoblins
  18 jackals
  3 quokkas
  3 ball pythons
  2 frilled lizards
  A giant cockroach zombie (D:5)
  17 kobolds
  A leopard gecko skeleton (D:8)
  5 rats
205 creatures vanquished.

Notes
Turn   | Place    | Note
-------+----------+-------------------------------------------
     0 | D:1      | PurpleRed the Octopode Wanderer began the quest for the
                  | Orb.
     0 | D:1      | PurpleRed set off with: a +2 dagger, a scroll of blinking,
                  | a potion of lignification, a +0 spear, a ration
     0 | D:1      | Reached XP level 1. HP: 14/14 MP: 1/1
    50 | D:1      | Reached XP level 2. HP: 20/20 MP: 2/2
   147 | D:1      | Reached skill level 2 in Unarmed Combat
   404 | D:1      | Reached XP level 3. HP: 20/25 MP: 3/3
   586 | D:1      | Reached skill level 3 in Unarmed Combat
   677 | D:2      | Noticed Jessica
   687 | D:2      | Killed Jessica
   687 | D:2      | Reached XP level 4. HP: 28/30 MP: 4/4
   774 | D:2      | Found a shattered altar of Ashenzari.
  1012 | D:2      | Reached skill level 4 in Unarmed Combat
  1440 | D:3      | Reached XP level 5. HP: 29/35 MP: 5/5
  1868 | D:3      | Reached skill level 5 in Unarmed Combat
  1952 | D:3      | Reached XP level 6. HP: 4/41 MP: 6/6
  2414 | D:3      | Reached skill level 6 in Unarmed Combat
  2451 | D:3      | HP: 2/41 [gnoll shaman/spear (6)]
  3442 | D:3      | Reached skill level 7 in Unarmed Combat
  3442 | D:3      | Reached XP level 7. HP: 30/45 MP: 7/7
  4287 | D:3      | Reached skill level 8 in Unarmed Combat
  5059 | D:4      | Found a staircase to the Ecumenical Temple.
  5069 | Temple   | Entered the Ecumenical Temple
  5160 | Temple   | Became a worshipper of Warmaster Okawaru
  5309 | D:4      | Reached XP level 8. HP: 37/51 MP: 8/8
  5566 | D:4      | Reached skill level 9 in Unarmed Combat
  5640 | D:4      | Noticed Eustachio
  5760 | D:4      | Killed Eustachio
  6097 | D:5      | Entered Level 5 of the Dungeon
  6581 | D:5      | Noticed Edmund
  6602 | D:5      | Killed Edmund
  6602 | D:5      | Reached * piety under Okawaru
  6602 | D:5      | Reached skill level 10 in Unarmed Combat
  6727 | D:5      | Found Riove's General Store.
  6732 | D:5      | Bought a scroll of fear for 52 gold pieces
  6732 | D:5      | Bought a scroll of identify for 30 gold pieces
  6805 | D:6      | Found a blossoming altar of Fedhas.
  7330 | D:6      | Found a stormy altar of Qazlal.
  7889 | D:7      | Reached skill level 1 in Invocations
  7948 | D:7      | Reached XP level 9. HP: 55/55 MP: 8/10
  8594 | D:8      | Found an opulent altar of Gozag.
  8823 | D:8      | Found a radiant altar of Vehumet.
  8912 | D:8      | Reached skill level 5 in Fighting
  9026 | D:8      | Reached ** piety under Okawaru
  9164 | D:8      | Found a runed door.
  9271 | D:8      | Found the +10 large shield of Ignorance {rN+ Int-4}
  9276 | D:8      | Found a runed door.
  9276 | D:8      | Noticed an orange crystal statue
  9318 | D:8      | Noticed an orange crystal statue
  9318 | D:8      | Noticed an orange crystal statue
  9318 | D:8      | Noticed an orange crystal statue
  9319 | D:8      | Noticed a two-headed ogre
  9776 | D:8      | HP: 1/62 [wyvern[an orange crystal statue] (18)]
  9776 | D:8      | Slain by an orc priest

Vault maps used:
D:1:      eino_arrival_water_cross
D:2:      minmay_misc_feat_square, st_stairs_3, minmay_crystal_water,
          ashenzari_altar_1, uniq_jessica
D:3:      lemuel_castle_with_subvaults, first_ration, minmay_joined_circles
D:4:      minmay_temple_entry_statues_pillars, roderic_roman_lattice,
          uniq_eustachio
D:5:      serial_shops, nicolae_shop_stone, kennysheep_generic_room_7,
          uniq_edmund
D:6:      nicolae_qazlal_eye_of_the_storm, fedhas_altar_1
D:8:      grunt_temple_overflow_open, blue_anna_alchemist, minivault_25,
          corexii_corridor_pit, chequers_guarded_unrand_ignorance
Temple:   regret_index_temple_mists

Skill      XL: |  1  2  3  4  5  6  7  8  9 |
---------------+----------------------------+-----
Unarmed Combat | 2 3 4 5 7 8 10 | 10.6
Invocations    | 1 3 |  3.3
Fighting       | 6 |  6.2
Polearms       | |  3.0
Dodging        | |  2.0
Stealth        | |  2.6

Action                   |  1- 3 |  4- 6 |  7- 9 || total
-------------------------+-------+-------+-------++-------
Melee: Dagger            |    60 |   154 |       ||   214
       Constrict         |    15 |    43 |    71 ||   129
       Tentacles         |     7 |    35 |    66 ||   108
       Punch             |       |    10 |    16 ||    26
       Unarmed           |       |       |   269 ||   269
       Spear             |       |       |    11 ||    11
       Dire flail        |       |       |    11 ||    11
 Fire: Fustibalus        |       |       |    18 ||    18
Throw: Throwing net      |       |       |     1 ||     1
  Use: Scroll            |     3 |     5 |    12 ||    20
       Potion            |       |     4 |     2 ||     6
 Stab: Sleeping          |    10 |     9 |    10 ||    29
       Distracted        |       |     1 |     2 ||     3
  Eat: Chunk             |       |     8 |    19 ||    27
       Ration            |       |       |     1 ||     1
Armor: Skin              |     8 |    10 |     6 ||    24
Dodge: Dodged            |    38 |    78 |   150 ||   266

Table legend:
 A = Non-vault XP
 B = Vault XP
 C = Vault XP percentage of total XP
 D = Non-vault monster count
 E = Vault monster count
 F = Vault count percentage of total count
                 A         B        C        D         E       F
            +---------+---------+-------+---------+---------+-------
      Total |    2181 |    1443 |  39.8 |     133 |      72 |  35.1
            +---------+---------+-------+---------+---------+-------
        D:1 |      58 |       0 |   0.0 |      28 |       0 |   0.0
        D:2 |      36 |      44 |  55.0 |      20 |       4 |  16.7
        D:3 |     130 |     872 |  87.0 |      16 |      63 |  79.7
        D:4 |     325 |     202 |  38.3 |      19 |       1 |   5.0
        D:5 |      62 |     219 |  77.9 |       6 |       3 |  33.3
        D:6 |     256 |       0 |   0.0 |       8 |       0 |   0.0
        D:7 |     206 |       0 |   0.0 |      13 |       0 |   0.0
        D:8 |    1108 |     106 |   8.7 |      23 |       1 |   4.2
            +---------+---------+-------+---------+---------+-------
